 Dungeon Crawl Stone Soup version 0.30-a0-800-g7c544603b3 (webtiles) character file.

Game seed: 17082498835174423059

252067 bmack86 the Slayer (level 18, -5/184 HPs)
             Began as a Minotaur Fighter on Feb 23, 2023.
             Was the Champion of Okawaru.
             Slain by a peacekeeper (7 damage)
             ... in the Desolation of Salt.
             The game lasted 01:56:27 (34017 turns).

bmack86 the Slayer (Minotaur Fighter)              Turns: 34017, Time: 01:56:27

Health: -5/184     AC: 57    Str: 27    XL:     18   Next: 95%
Magic:  27/27      EV:  8    Int:  5    God:    Okawaru [******]
Gold:   2464       SH: 22    Dex:  8    Spells: 17/17 levels left

rFire   . . .      SeeInvis .    E - +8 broad axe (flame)
rCold   . . .      Faith    .    N - +2 kite shield {AC+3}
rNeg    + . .      Spirit   .    M - +12 crystal plate armour of Subjectivity {Stlth+}
rPois   .          Reflect  +    L - +2 hat
rElec   +          Harm     .    D - +3 cloak of Tealo {Rampage rElec rF- Slay+2}
rCorr   +          Rampage  +    y - +2 pair of gloves
Will    ++...                    a - +1 pair of boots Stlth
                                 m - amulet of reflection
HPRegen 0.50/turn                h - ring of flight
MPRegen 0.20/turn                W - ring of Norphiemo {rF+ rN+ Will+ rCorr Dex-4 Slay+2}

@: heroic, flying
A: horns 2, retaliatory headbutt
}: 2/15 runes: barnacled, gossamer
a: Renounce Religion, Heroism, Finesse, Duel


You were in the Desolation of Salt.
You worshipped Okawaru.
Okawaru was exalted by your worship.
You visited 7 branches of the dungeon, and saw 32 of its levels.
You also visited: Ossuary, Bailey, Ice Cave, Volcano and Desolation.

You collected 3729 gold pieces.
You spent 1265 gold pieces at shops.

Inventory:

Hand Weapons
 E - a +8 broad axe of flaming (weapon)
Missiles
 u - 5 throwing nets
 z - 19 boomerangs
 H - 17 poisoned darts (quivered)
 J - a silver javelin
 K - 10 javelins
 X - 6 curare-tipped darts
Armour
 a - a +1 pair of boots (worn)
 y - a +2 pair of gloves (worn)
 A - the +4 crystal plate armour of the Telling Gods {rC+ rN+ Str+4}
   (Okawaru gifted it to you in the Desolation of Salt)

   Str:       It affects your strength (+4).
   rC:        It protects you from cold.
   rN:        It protects you from negative energy.
 D - the +3 cloak of Tealo (worn) {Rampage rElec rF- Slay+2}
   (You found it on level 3 of the Spider Nest)

   Slay:      It affects your accuracy & damage with ranged weapons and melee
   (+2).
   rF:        It makes you vulnerable to fire.
   rElec:     It insulates you from electricity.
   Rampage:   It bestows one free step when moving towards enemies.
 F - a +2 kite shield of positive energy
 L - a +2 hat (worn)
 M - the +12 crystal plate armour of Subjectivity (worn) {Stlth+}
   (Okawaru gifted it to you on level 2 of the Orcish Mines)

   Stlth:     It makes you more stealthy.
 N - a +2 kite shield of protection (worn)
 Q - the +0 cloak of the Piercing Gods {rPois rC++}
   (You found it on level 2 of the Lair of Beasts)

   rC:        It greatly protects you from cold.
   rPois:     It protects you from poison.
Jewellery
 h - a ring of flight (left hand)
 i - a +4 ring of slaying
 k - a ring of see invisible
 m - an amulet of reflection (around neck)
 t - a ring of fire
 I - a +6 ring of dexterity
 O - a +5 ring of evasion
 R - a +6 ring of intelligence
 W - the ring of Norphiemo (right hand) {rF+ rN+ Will+ rCorr Dex-4 Slay+2}
   (You found it on level 5 of the Lair of Beasts)

   [ring of protection from fire]

   Dex:       It affects your dexterity (-4).
   Slay:      It affects your accuracy & damage with ranged weapons and melee
   (+2).
   rF:        It protects you from fire.
   rN:        It protects you from negative energy.
   rCorr:     It protects you from acid and corrosion.
   Will:      It increases your willpower.
 Y - a ring of willpower
Wands
 b - a wand of roots (16)
 p - a wand of mindburst (49)
 x - a wand of polymorph (14)
 C - a wand of flame (32)
 U - a wand of acid (11)
Scrolls
 c - 2 scrolls of brand weapon
 f - 4 scrolls of teleportation
 j - 7 scrolls of poison
 q - 7 scrolls of identify
 v - a scroll of magic mapping
 w - 4 scrolls of amnesia
 S - 3 scrolls of blinking
 T - 5 scrolls of fog
Potions
 d - 6 potions of might
 e - 8 potions of ambrosia
 g - 17 potions of curing
 l - 3 potions of invisibility
 n - 4 potions of berserk rage
 o - 5 potions of flight
 r - 3 potions of cancellation
 s - 6 potions of haste
 B - 3 potions of heal wounds
 G - 4 potions of resistance
 V - 6 potions of brilliance


   Skills:
 * Level 21.8(26.8) Fighting
 - Level 18.7(23.7) Axes
 - Level 10.0(15.0) Throwing
 + Level 18.1(23.1) Armour
 + Level 18.7(23.7) Shields
 + Level 14.3 Invocations


You had 17 spell levels left.
You didn't know any spells.
Your spell library contained the following spells:

 Spells                   Type           Power      Damage    Failure   Level
 Beastly Appendage        Tmut           0%         N/A       99%         1
 Foxfire                  Conj/Fire      0%         2x1d4     99%         1
 Freeze                   Ice            0%         1d3       99%         1
 Kiss of Death            Conj/Necr      0%         2d5       99%         1
 Blink                    Tloc           0%         N/A       100%        2
 Wereblood                Tmut           0%         N/A       100%        2
 Confusing Touch          Hex            0%         N/A       100%        3
 Dazzling Flash           Conj/Hex       0%         N/A       100%        3
 Frozen Ramparts          Ice            0%         1d1       100%        3
 Hailstorm                Conj/Ice       0%         3d3       100%        3
 Ignite Poison            Fire/Tmut/Pois 0%         N/A       100%        3
 Inner Flame              Hex/Fire       0%         N/A       100%        3
 Kindle Blastsparks       Fire/Tloc/Air  0%         2d10      100%        3
 Spider Form              Tmut/Pois      0%         N/A       100%        3
 Cause Fear               Hex            0%         N/A       100%        4
 Dispel Undead            Necr           0%         3d6       100%        4
 Flame Wave               Conj/Fire      0%         2d4       100%        4
 Ice Form                 Ice/Tmut       0%         N/A       100%        4
 Iskenderun's Mystic Bla  Conj/Tloc      0%         2d3       100%        4
 Manifold Assault         Tloc           0%         N/A       100%        4
 Passage of Golubria      Tloc           0%         N/A       100%        4
 Sticky Flame             Conj/Fire      0%         2d3       100%        4
 Blade Hands              Tmut           0%         N/A       100%        5
 Borgnjor's Vile Clutch   Necr/Erth      0%         N/A       100%        5
 Fireball                 Conj/Fire      0%         3d3       100%        5
 Freezing Cloud           Conj/Ice/Air   0%         6-21      100%        5
 Yara's Violent Unravell  Hex/Tmut       0%         3d3       100%        5
 Iron Shot                Conj/Erth      0%         9d1       100%        6
 Starburst                Conj/Fire      0%         6d3       100%        6
 Orb of Destruction       Conj           0%         9d5       100%        7
 Storm Form               Tmut/Air       0%         N/A       100%        7
 Discord                  Hex            0%         N/A       100%        8
 Fire Storm               Conj/Fire      0%         5d1       100%        9
 Summon Guardian Golem    Hex/Summ       Unusable   N/A       N/A         3
 Tukima's Dance           Hex            Unusable   N/A       N/A         3
 Animate Armour           Summ/Erth      Unusable   N/A       N/A         4
 Animate Dead             Necr           Unusable   N/A       N/A         4
 Summon Ice Beast         Ice/Summ       Unusable   N/A       N/A         4
 Summon Forest            Summ/Tloc      Unusable   N/A       N/A         5
 Summon Mana Viper        Hex/Summ       Unusable   N/A       N/A         5
 Death Channel            Necr           Unusable   N/A       N/A         6
 Summon Cactus Giant      Summ           Unusable   N/A       N/A         6
 Spellforged Servitor     Conj/Summ      Unusable   N/A       N/A         7

Dungeon Overview and Level Annotations

Branches:
Dungeon (15/15)            Temple (1/1) D:7            Lair (5/5) D:9
 Shoals (4/4) Lair:2       Spider (4/4) Lair:3        Slime (0/5) Lair:5
    Orc (2/2) D:12            Elf (0/3) Orc:2        Vaults (1/5) D:14
 Depths (0/4) D:15        Ossuary (visited)          Bailey (visited)
  IceCv (visited)         Volcano (visited)         Desolation (1/1)

Altars:
Ashenzari
Cheibriados
Dithmenos
Elyvilon
Fedhas
Gozag
Hepliaklqana
Kikubaaqudgha
Makhleb
Nemelex Xobeh
Okawaru
Qazlal
Ru
Sif Muna
Trog
Uskayaw
Vehumet
Wu Jian
Xom
Yredelemnul
Zin
The Shining One
Lugonu

Shops:
D:2 ?   D:3 :   D:14 (   D:15 (   Orc:1 (   Orc:2 [*=!   Shoals:2 **

Portals:
Hell: Lair:5
Abyss: Orc:1
Pandemonium: Orc:2


Innate Abilities, Weirdness & Mutations

You have a pair of horns on your head.
You reflexively headbutt those who attack you in melee.


Message History

The saltling is moderately damaged.
The peacekeeper roars a battlecry!
The golems go into a battle-frenzy!
You completely miss the saltling.
The saltling is moderately damaged.
You hit the saltling. You burn the saltling.
You feel sick. You block the saltling's attack. x2
You slash the saltling! You burn the saltling. You headbutt the saltling.
You destroy the saltling!
Okawaru accepts your kill.
You slash the saltling! You burn the saltling.
You feel sick.
The saltling hits you but does no damage.
You slash the saltling! You burn the saltling.
You destroy the saltling!
Okawaru accepts your kill.
You feel sick.
You are no longer poisoned.
You slash the saltling! You burn the saltling.
You headbutt the saltling, but do no damage.
The saltling is severely damaged.
You slash the peacekeeper!
The saltling hits you but does no damage.
You block the peacekeeper's attack.
The peacekeeper claws you but does no damage.
You completely miss the saltling.
The saltling is severely damaged.
You hit the peacekeeper but do no damage.
The air resumes its normal movements.
You block the saltling's attack. You block the peacekeeper's attack.
The peacekeeper barely misses you. You block the peacekeeper's attack.
The peacekeeper claws you but does no damage.
You slash the saltling! You burn the saltling.
You destroy the saltling!
Okawaru accepts your kill.
You hit the peacekeeper.
You hit the peacekeeper but do no damage.
The peacekeeper bites you!
* * * LOW HITPOINT WARNING * * *
The peacekeeper claws you!
You die...

........................
...............
...............
##.............
...............
...............
.......†.......
...............
.......@.......
......9.9......
...............
...............
...............
...............
.#.............
..............


You could see 2 peacekeepers.

Vanquished Creatures
  Bai Suzhen (Spider:4)
  Nikola (Shoals:4)
  Jorgrun (Shoals:2)
  The ghost of Cihivoiw the Ruinous, an adept TeCj of Sif Muna (Shoals:2)
  Agnes (Spider:1)
  Donald (Orc:2)
  An imperial myrmidon (Desolation)
  4 ghost moths
  3 emperor scorpions
  Aizul (Shoals:4)
  A vault warden (Vaults:1)
  A reaper (IceCv)
  3 ironbound preservers (Vaults:1)
  3 very ugly things (Vaults:1)
  2 broodmothers (Spider:4)
  A stone giant (D:15)
  2 halazid warlocks (Desolation)
  6 spark wasps
  6 merfolk impalers
  3 merfolk javelineers (Shoals:4)
  A fire dragon (Volcano)
  2 entropy weavers (Spider:3)
  Josephine (Shoals:1)
  A yaktaur captain (Vaults:1)
  3 ragged hierophants (Desolation)
  3 vault guards (Vaults:1)
  An ice dragon (Lair:3)
  4 merfolk avatars
  6 peacekeepers (Desolation)
  4 radroaches
  A catoblepas (Lair:5)
  6 hydras
  A servant of whispers (Desolation)
  2 demonspawn (Orc:2)
  2 alligator snapping turtles (Shoals:4)
  3 satyrs
  4 centaur warriors
  2 jorogumos
  2 boulder beetles
  2 dancing weapons (D:14)
  9 merfolk aquamancers
  4 two-headed ogres
  3 tengu warriors (D:15)
  7 death yaks (Lair:5)
  4 orc high priests (Orc:2)
  A hell hog (Volcano)
  Sonja (D:10)
  A skyshark (Shoals:2)
  A sun demon (Lair:5)
  5 pharaoh ants
  7 deep trolls (Vaults:1)
  A sixfirhy (Orc:2)
  2 sun moths (Spider:4)
  10 orb spiders
  2 ironbound convokers (Desolation)
  Pikel (D:5)
  14 sea snakes
  A lindwurm (Lair:3)
  A lindwurm (shapeshifter) (D:14)
  2 wolf spider zombies (D:10)
  4 orc knights (Orc:2)
  An obsidian statue (Shoals:2)
  A wizard (Lair:5)
  25 harpies
  3 steelbarb worms
  7 orc sorcerers (Orc:2)
  An oklob plant (Lair:4)
  8 ugly things
  24 wolf spiders
  13 fauns
  5 cyclopes
  10 manticores
  15 elephants (Lair:5)
  5 demonic crawlers
  7 moths of wrath
  4 merfolk sirens
  A centaur zombie (D:10)
  3 guardian serpents
  A rust devil (Orc:2)
  4 black mambas
  4 molten gargoyles
  2 ice statues (IceCv)
  11 cane toads
  2 smoke demons
  7 water nymphs
  Joseph (D:7)
  Maggie (D:7)
  3 torpor snails
  2 orange demons (Lair:5)
  A centaur skeleton (D:10)
  3 kobold demonologists (D:10)
  6 komodo dragons
  3 rime drakes
  2 efreet
  16 yaktaurs
  9 ice devils
  5 red devils
  28 merfolk
  4 meliai
  4 wind drakes
  7 hornets
  4 trolls
  A troll (shapeshifter) (D:15)
  3 hellwings
  5 polar bears
  34 tarantellas
  14 blink frogs
  8 snapping turtles
  32 saltlings (Desolation)
  13 dream sheep
  8 slime creatures
  23 jumping spiders
  A yak (shapeshifter) (D:14)
  20 culicivoras
  A centaur simulacrum (D:15)
  2 dire elephant simulacra (IceCv)
  57 yaks
  10 wyverns
  3 shadows
  8 wraiths
  3 basilisks
  A human (shapeshifter) (D:13)
  15 water elementals
  6 vampire mosquitoes
  10 fire bats (Volcano)
  5 wargs
  2 steam dragons
  63 redbacks
  3 acid dragons
  2 swamp worms (Lair:1)
  4 harpy simulacra (IceCv)
  4 hydra simulacra (IceCv)
  12 water moccasins
  6 hell hounds
  44 orc warriors
  2 black bears (D:9)
  4 ogres
  An ice beast (D:7)
  25 wolves
  13 centaurs
  Blork the orc (D:4)
  3 kobold brigands (D:10)
  9 bullfrogs
  3 gnoll sergeants
  A cane toad simulacrum (IceCv)
  5 scorpions
  3 wights (D:8)
  7 killer bees
  2 electric eels (Spider:4)
  8 lava snakes (Volcano)
  3 hounds
  22 orc priests
  3 jellies
  A gnoll bouda (D:8)
  Crazy Yiuf (D:7)
  An iguana (D:7)
  15 orc wizards
  A boggart zombie (D:10)
  A troll simulacrum (IceCv)
  A spriggan simulacrum (IceCv)
  A boggart skeleton (D:10)
  A boggart simulacrum (D:15)
  8 mummies (Ossuary)
  18 gnolls
  12 adders
  A naga simulacrum (IceCv)
  5 shadow imps
  3 worms
  2 dart slugs
  78 orcs
  6 ball pythons
  A bat (D:1)
  3 endoplasms
  A giant cockroach (D:2)
  2 gnoll zombies (Ossuary)
  5 goblins
  4 hobgoblins
  5 jackals
  11 kobolds
  8 quokkas
  A frilled lizard (D:2)
  2 hobgoblin zombies
  4 kobold zombies (Ossuary)
  An orc zombie (Ossuary)
  7 rats
  A bush (Lair:2)
  2 lurking horrors (Orc:1)
  A plant (Shoals:1)
1191 creatures vanquished.

Vanquished Creatures (others)
  A manticore (Shoals:3)
  A komodo dragon (D:13)
  A tarantella (Spider:4)
  A hornet (shapeshifter) (D:13)
  2 redbacks
  An orc warrior (Bailey)
  50 fungi
  A pillar of salt (Desolation)
  96 plants
  8 withered plants
162 creatures vanquished.

Grand Total: 1353 creatures vanquished

Notes
Turn   | Place    | Note
-------+----------+-------------------------------------------
     0 | D:1      | bmack86 the Minotaur Fighter began the quest for the Orb.
     0 | D:1      | Reached XP level 1. HP: 19/19 MP: 0/0
   114 | D:1      | Reached XP level 2. HP: 27/27 MP: 1/1
   342 | D:1      | Found a faded altar of an unknown god.
   584 | D:2      | Reached skill level 4 in Fighting
   584 | D:2      | Reached XP level 3. HP: 33/33 MP: 2/2
   759 | D:2      | Found Goagh's Magic Scroll Emporium.
   766 | D:2      | Bought a scroll of identify for 28 gold pieces
  1357 | D:3      | Reached XP level 4. HP: 35/40 MP: 3/3
  1467 | D:3      | Found a shimmering altar of Xom.
  1522 | D:3      | Found Lodatot's Vocational Training.
  1881 | D:4      | Identified a scroll of acquirement
  1881 | D:4      | Acquired a +4 ring of slaying
  1920 | D:4      | Noticed a scorpion
  1929 | D:4      | Killed a scorpion
  1930 | D:4      | Reached XP level 5. HP: 30/47 MP: 4/4
  1967 | D:4      | Found a sand-covered staircase.
  2043 | Ossuary  | Entered an ossuary
  2064 | Ossuary  | Reached skill level 5 in Axes
  2210 | Ossuary  | Reached XP level 6. HP: 50/55 MP: 5/5
  2473 | D:4      | Noticed Blork the orc
  2480 | D:4      | Reached skill level 5 in Shields
  2485 | D:4      | Killed Blork the orc
  2486 | D:4      | Reached skill level 5 in Fighting
  2486 | D:4      | Reached skill level 5 in Armour
  2584 | D:2      | Bought a scroll of brand weapon for 133 gold pieces
  3005 | D:5      | Entered Level 5 of the Dungeon
  3050 | D:5      | Noticed Pikel
  3062 | D:5      | Killed Pikel
  3063 | D:5      | Reached skill level 1 in Throwing
  3063 | D:5      | Reached XP level 7. HP: 55/62 MP: 6/6
  3217 | D:5      | Reached XP level 8. HP: 62/70 MP: 7/7
  3220 | D:5      | Reached skill level 6 in Fighting
  3500 | D:5      | Found a faded altar of an unknown god.
  3503 | D:5      | Found a faded altar of an unknown god.
  3503 | D:5      | Found a hazy altar of Hepliaklqana.
  3629 | D:6      | You fall into a shaft and drop 1 floor!
  3673 | D:7      | Noticed Joseph
  3690 | D:7      | Killed Joseph
  3987 | D:7      | Reached XP level 9. HP: 78/78 MP: 8/8
  4029 | D:7      | Noticed Maggie
  4051 | D:7      | Killed Maggie
  4052 | D:7      | Reached skill level 7 in Fighting
  4184 | D:7      | Found a runed translucent door.
  4185 | D:7      | Noticed Crazy Yiuf
  4220 | D:7      | Found a staircase to the Ecumenical Temple.
  4231 | Temple   | Entered the Ecumenical Temple
  4376 | Temple   | Became a worshipper of Warmaster Okawaru
  4713 | D:7      | Killed Crazy Yiuf
  4789 | D:8      | Reached skill level 1 in Invocations
  4790 | D:8      | Reached * piety under Okawaru
  4795 | D:8      | Reached skill level 10 in Axes
  5043 | D:8      | Reached ** piety under Okawaru
  5051 | D:8      | Acquired a manual of Axes
  5135 | D:8      | Reached XP level 10. HP: 75/88 MP: 10/10
  5136 | D:8      | Found a stormy altar of Qazlal.
  5307 | D:8      | Reached skill level 8 in Fighting
  5697 | D:9      | Reached skill level 5 in Throwing
  5700 | D:9      | Found a flagged portal.
  5720 | Bailey   | Entered a bailey
  6034 | Bailey   | Reached *** piety under Okawaru
  6103 | Bailey   | Found the +5 scythe "Finisher" {speed, eviscerate}
  7154 | D:9      | Reached **** piety under Okawaru
  7365 | D:9      | Noticed a two-headed ogre
  7367 | D:9      | Received a gift from Okawaru
  7368 | D:9      | Reached XP level 11. HP: 95/95 MP: 13/13
  7376 | D:9      | Reached skill level 9 in Fighting
  7379 | D:9      | Killed a two-headed ogre
  7400 | D:9      | Found a staircase to the Lair.
  7665 | D:10     | Entered Level 10 of the Dungeon
  7665 | D:10     | Noticed Sonja
  7684 | D:10     | Killed Sonja
  7906 | D:10     | Received a gift from Okawaru
  7913 | D:10     | Received a gift from Okawaru
  7995 | D:10     | Found a radiant altar of Vehumet.
  8012 | D:10     | Reached skill level 5 in Invocations
  8019 | D:10     | Reached ***** piety under Okawaru
  8032 | D:10     | Received a gift from Okawaru
  8034 | D:10     | Reached skill level 15 in Axes
  8272 | D:10     | Got the Annotations on Sweltering Bad Luck
  8361 | D:10     | Found a hide-covered altar of Uskayaw.
  8441 | D:10     | Reached skill level 10 in Shields
  8477 | D:10     | Received a gift from Okawaru
  8880 | Lair:1   | Entered Level 1 of the Lair of Beasts
  9010 | Lair:1   | You fall into a shaft and drop 1 floor!
  9034 | Lair:1   | Reached skill level 10 in Fighting
  9034 | Lair:1   | Reached skill level 10 in Armour
  9123 | Lair:1   | Reached XP level 12. HP: 106/106 MP: 15/15
  9364 | Lair:1   | Found a dark tunnel.
  9371 | Volcano  | Entered a volcano
  9560 | Volcano  | Found a bloodstained altar of Trog.
  9560 | Volcano  | Noticed a hell hog
  9566 | Volcano  | Killed a hell hog
  9573 | Volcano  | Noticed a fire dragon
  9585 | Volcano  | Killed a fire dragon
 10199 | Lair:2   | Found a staircase to the Shoals.
 10387 | Lair:2   | Identified the +1 scale mail "Adghof" {rC- Regen+ Str+10}
                  | (Okawaru gifted it to you on level 2 of the Lair of Beasts)
 10387 | Lair:2   | Received a gift from Okawaru
 10590 | Lair:2   | Identified the +0 cloak of the Piercing Gods {rPois rC++}
 11046 | Lair:3   | Reached skill level 11 in Fighting
 11239 | Lair:3   | Found a hole to the Spider Nest.
 11256 | Lair:3   | Reached XP level 13. HP: 108/116 MP: 17/17
 11305 | Lair:3   | Found a frozen archway.
 11361 | IceCv    | Entered an ice cave
 12124 | IceCv    | Noticed a reaper
 12132 | IceCv    | Killed a reaper
 12908 | Lair:4   | Identified the +3 pair of gloves "Xoyt Foda" {*Corrode +Inv
                  | rC+ SInv} (Okawaru gifted it to you on level 4 of the Lair
                  | of Beasts)
 12908 | Lair:4   | Received a gift from Okawaru
 13268 | Lair:4   | Identified the +1 ring mail of Taosuum {rF+ Regen+ Str+3}
 13532 | Lair:4   | Identified the +10 long sword "Muesy" {drain, Dex+2}
 13867 | Lair:5   | Entered Level 5 of the Lair of Beasts
 13893 | Lair:5   | Reached skill level 12 in Fighting
 14167 | Lair:5   | Found a staircase to the Slime Pits.
 14199 | Lair:5   | Received a gift from Okawaru
 14209 | Lair:5   | Reached XP level 14. HP: 54/127 MP: 19/19
 14463 | Lair:5   | Received a gift from Okawaru
 14706 | Lair:5   | Found a burning altar of Makhleb.
 14789 | Lair:5   | Found a gateway to Hell.
 15024 | Lair:5   | Identified the +3 plate armour of the Trees {Rampage Dex+2
                  | SInv} (Okawaru gifted it to you on level 5 of the Lair of
                  | Beasts)
 15024 | Lair:5   | Received a gift from Okawaru
 15204 | Lair:5   | Reached skill level 10 in Throwing
 15407 | Lair:5   | Identified the ring of Norphiemo {rF+ rN+ Will+ rCorr Dex-4
                  | Slay+2}
 15733 | Lair:5   | Reached skill level 13 in Fighting
 17107 | D:12     | Found a staircase to the Orcish Mines.
 17973 | D:13     | Received a gift from Okawaru
 18828 | D:14     | Reached skill level 14 in Fighting
 18828 | D:14     | Reached XP level 15. HP: 113/138 MP: 21/21
 18895 | D:14     | Found Kexzideo's Antique Weapon Boutique.
 19102 | D:14     | Found a gate to the Vaults.
 19110 | D:14     | Reached skill level 10 in Invocations
 19441 | D:15     | Entered Level 15 of the Dungeon
 19825 | D:15     | Found Kuveh's Weapon Shop.
 19911 | D:15     | Identified the +0 leather armour of Lianabo {rF+}
 20044 | D:15     | Identified the amulet "Gotatomn" {Acrobat -Cast rCorr
                  | Str+3}
 20053 | D:15     | Found a staircase to the Depths.
 20380 | Orc:1    | Entered Level 1 of the Orcish Mines
 20735 | Orc:1    | Found a one-way gate to the infinite horrors of the Abyss.
 20744 | Orc:1    | Found a corrupted altar of Lugonu.
 20820 | Orc:2    | Entered Level 2 of the Orcish Mines
 20859 | Orc:2    | Noticed Donald
 20881 | Orc:2    | Killed Donald
 20882 | Orc:2    | Reached skill level 15 in Fighting
 21168 | Orc:1    | Found Xyuzyt's Antique Weapon Boutique.
 21549 | Orc:2    | Found Leokhlas's General Store.
 21552 | Orc:2    | Reached skill level 15 in Shields
 21556 | Orc:2    | Found Liclyxy's Distillery.
 21572 | Orc:2    | Found a staircase to the Elven Halls.
 21835 | Orc:2    | Reached ****** piety under Okawaru
 21972 | Orc:2    | Received a gift from Okawaru
 22017 | Orc:2    | Bought a potion of heal wounds for 60 gold pieces
 22017 | Orc:2    | Bought a potion of haste for 120 gold pieces
 22017 | Orc:2    | Bought a potion of curing for 36 gold pieces
 22017 | Orc:2    | Bought 2 potions of heal wounds for 120 gold pieces
 22017 | Orc:2    | Bought a potion of curing for 36 gold pieces
 22017 | Orc:2    | Bought 2 potions of heal wounds for 120 gold pieces
 22017 | Orc:2    | Bought a potion of heal wounds for 60 gold pieces
 22540 | Orc:2    | Identified the +12 crystal plate armour of Subjectivity
                  | {Stlth+} (Okawaru gifted it to you on level 2 of the Orcish
                  | Mines)
 22540 | Orc:2    | Received a gift from Okawaru
 22936 | Orc:2    | Found Maiwukhletwa's Antique Armour Shoppe.
 22936 | Orc:2    | Found Aqecw's Jewellery Emporium.
 22937 | Orc:2    | Found a one-way gate leading to the halls of Pandemonium.
 22941 | Orc:2    | Bought a ring of willpower for 325 gold pieces
 23381 | Spider:1 | Entered Level 1 of the Spider Nest
 23576 | Spider:1 | Reached skill level 16 in Fighting
 23904 | Spider:1 | Reached XP level 16. HP: 151/151 MP: 13/23
 23970 | Spider:1 | Noticed Agnes
 23980 | Spider:1 | Killed Agnes
 24503 | Spider:2 | Reached skill level 15 in Armour
 24509 | Spider:2 | Identified the +9 war axe "Conservator" {heavy, Drain *Slow
                  | Dex+8 SInv} (Okawaru gifted it to you on level 2 of the
                  | Spider Nest)
 24509 | Spider:2 | Received a gift from Okawaru
 25363 | Spider:3 | Reached skill level 17 in Fighting
 25753 | Spider:3 | Received a gift from Okawaru
 25859 | Spider:3 | Identified the +3 cloak of Tealo {Rampage rElec rF- Slay+2}
 26563 | Spider:4 | Entered Level 4 of the Spider Nest
 26584 | Spider:4 | Identified the +6 demon blade of Eternal War {drain, Will-
                  | Int+2 SInv} (Okawaru gifted it to you on level 4 of the
                  | Spider Nest)
 26584 | Spider:4 | Received a gift from Okawaru
 26727 | Spider:4 | Noticed Bai Suzhen
 26758 | Spider:4 | Reached skill level 18 in Fighting
 26965 | Spider:4 | Received a gift from Okawaru
 27128 | Spider:4 | Received a gift from Okawaru
 27270 | Spider:4 | Killed Bai Suzhen
 27271 | Spider:4 | Reached XP level 17. HP: 151/166 MP: 18/25
 28199 | Spider:4 | Got a gossamer rune of Zot
 28365 | Spider:4 | Found a hide-covered altar of Uskayaw.
 28401 | Spider:4 | Reached skill level 19 in Fighting
 28845 | Orc:2    | Bought a ring of flight for 227 gold pieces
 29095 | Shoals:1 | Entered Level 1 of the Shoals
 29256 | Shoals:1 | Got Ajaubb's Anthology of Ashes
 29752 | Shoals:1 | Noticed Josephine
 29757 | Shoals:1 | Killed Josephine
 29984 | Shoals:2 | Noticed Jorgrun
 29999 | Shoals:2 | Killed Jorgrun
 29999 | Shoals:2 | Received a gift from Okawaru
 30465 | Shoals:2 | Found a runed translucent gate.
 30465 | Shoals:2 | Found a runed translucent gate.
 30465 | Shoals:2 | Found a runed translucent gate.
 30468 | Shoals:2 | Found an opulent altar of Gozag.
 30471 | Shoals:2 | Found Pourip's Assorted Antiques.
 30472 | Shoals:2 | Found Byomaff's Assorted Antiques.
 30472 | Shoals:2 | Noticed Cihivoiw's ghost (adept TeCj)
 31150 | Shoals:2 | Killed Cihivoiw's ghost
 31464 | Shoals:3 | Reached skill level 20 in Fighting
 31541 | Shoals:3 | Received a gift from Okawaru
 31646 | Shoals:3 | Reached XP level 18. HP: 103/178 MP: 27/27
 31820 | Shoals:4 | Entered Level 4 of the Shoals
 32091 | Shoals:4 | Noticed Aizul
 32106 | Shoals:4 | Killed Aizul
 32152 | Shoals:4 | Identified the +0 hand axe "Orb Guardian's Peril" {heavy,
                  | rElec Will+}
 32329 | Shoals:4 | Identified the +1 ring mail of Vuty {Harm Int+3} (Okawaru
                  | gifted it to you on level 4 of the Shoals)
 32329 | Shoals:4 | Received a gift from Okawaru
 32457 | Shoals:4 | Identified the +0 chain mail "Naiko" {*Slow Regen+ Int+4}
 32615 | Shoals:4 | Noticed Nikola
 32627 | Shoals:4 | Killed Nikola
 33245 | Shoals:4 | Reached skill level 21 in Fighting
 33461 | Shoals:4 | Got a barnacled rune of Zot
 33691 | Vaults:1 | Entered Level 1 of the Vaults
 33804 | Vaults:1 | Received a gift from Okawaru
 33829 | Vaults:1 | Found a crumbling gateway.
 33837 | Desolati | Entered the Desolation of Salt
 33959 | Desolati | Identified the +4 crystal plate armour of the Telling Gods
                  | {rC+ rN+ Str+4} (Okawaru gifted it to you in the Desolation
                  | of Salt)
 33959 | Desolati | Received a gift from Okawaru
 33978 | Desolati | Identified the +9 halberd of Vanity {venom, rCorr}
 34017 | Desolati | HP: 2/184 [peacekeeper (11)]
 34017 | Desolati | Slain by a peacekeeper

Illustrated notes

Levels and vault maps discovered:
D:1:      scummos_arrival_simple_crosswalls, layout_rooms,
          hellmonk_ecumenical_altar_crossroads
D:2:      layout_loops_ring, serial_shops, shop, minmay_cut_off
D:3:      layout_loops_cross, mainiacjoe_overflow_cross_hatched,
          minmay_tree_intersection, nicolae_shop_vocational
D:4:      layout_rooms, enter_ossuary_3, uniq_blork_the_orc
D:5:      layout_rooms, nicolae_hepliaklqana_ecumenical_no_more, uniq_pikel
D:6:      layout_loops_ring
D:7:      layout_basic, minmay_temple_entry_ruins, uniq_maggie,
          uniq_crazy_yiuf_cottage, uniq_joseph
D:8:      layout_basic, mainiacjoe_overflow_boulevard
D:9:      layout_small_grid, due_lair_maze_entry_diamond, enter_bailey_2
D:10:     cheibrodos_grave_circle, layout_loops_ring,
          nicolae_uskayaw_dance_studio, overflow_temple_1_default, uniq_sonja
D:11:     layout_cave_pools
D:12:     layout_basic, david_orc_1_choice, nrook_guardian_serpent_ordinary
D:13:     layout_stronghold, minmay_mirror_moons_of_madness
D:14:     layout_cave_pools, erik_vaults_1, nicolae_twisting_strands,
          serial_shops, nicolae_square_shop
D:15:     grunt_enter_depths_snipers, layout_small_grid, serial_shops,
          nicolae_shop_bloodbath_and_beyond, chequers_serial_rivers_large_b
Temple:   minmay_crystal_spiral_temple
Lair:1:   layout_hall_layers, nicolae_volcano_entry_s_turn, worms_lemuel,
          grunt_megastairs_3
Lair:2:   minmay_lair_venomous_thicket, layout_loops_ring,
          elwin_shoals_entry_rocks
Lair:3:   layout_concentric_octagons, spider_nest_entry_web_field,
          portal_ice_cave_entry_animals_and_master,
          grunt_forest_large_clearings, infiniplex_staircase_pool_2
Lair:4:   layout_cellular_growth
Lair:5:   evil_forest, layout_small_grid, dpeg_slime_entry_enclosed,
          gauntlet_entry_generic
Shoals:1: layout_shoals, uniq_josephine
Shoals:2: layout_shoals, ebering_ghost_gozag, nicolae_splish_splash,
          uniq_jorgrun
Shoals:3: layout_shoals, uniq_kirke
Shoals:4: shoals_end_hangedman, layout_shoals, uniq_aizul, uniq_nikola
Spider:1: layout_cave_pods, nicolae_spider_moth_buddies, uniq_agnes
Spider:2: layout_spider_delve
Spider:3: cheibrodos_spider_silkery, nicolae_spider_paper_wasps
Spider:4: spider_rune_water, drop_trap, nicolae_spider_altar_of_dancing,
          uniq_bai_suzhen
Orc:1:    layout_caves, serial_shops, nicolae_shop_competitors_out_of_business,
          amcnicky_altar_lugonu_corruption
Orc:2:    pf_orc_diabolical, layout_caves, mines1_david, uniq_donald
Vaults:1: portal_desolation_entry_nicolae_slug,
          ontoclasm_vaults_decontamination, v_rooms_2, st_check, v_misc_15,
          vaults_dpeg_diagonal, nicolae_vaults_little_squares_6,
          nicolae_vaults_little_squares_2, nicolae_vaults_sealed_display,
          nicolae_vaults_ring_of_whatevers, v_pattern_5,
          ontoclasm_vaults_shuriken, v_alt_pattern_5, v_misc_31,
          layout_vaults_maze, serial_shops, shop_statue
Desolation

Skill      XL: |  1  2  3  4  5  6  7  8  9 10 11 12 13 14 15 16 17 18 |
---------------+-------------------------------------------------------+-----
Axes           | 3 4 5 6 7 8 10 13 15 18 | 18.7
Fighting       | 4 5 6 7 8 10 11 12 14 16 18 20 21 | 21.8
Armour         | 4 5 6 7 8 10 11 12 13 14 16 17 18 | 18.1
Shields        | 4 5 6 7 8 9 10 11 12 14 15 16 17 18 | 18.7
Throwing       | 1 2 3 4 5 7 8 9 10 | 10.0
Invocations    | 2 4 5 6 8 9 11 12 13 14 | 14.3

Action                     |  1- 3 |  4- 6 |  7- 9 | 10-12 | 13-15 | 16-18 || total
---------------------------+-------+-------+-------+-------+-------+-------++-------
  Melee: War axe           |    73 |    56 |       |       |       |       ||   129
         Headbutt          |     8 |    13 |    22 |    76 |   169 |   266 ||   554
         Broad axe         |       |    14 |    99 |   382 |   796 |  1021 ||  2312
  Throw: Boomerang         |       |       |       |    83 |    31 |       ||   114
         Dart              |       |       |       |       |    22 |    21 ||    43
 Invoke: Heroism           |       |       |       |     4 |     6 |     4 ||    14
         Finesse           |       |       |       |     1 |       |     2 ||     3
    Use: Scroll            |     7 |    15 |     7 |     9 |    10 |     8 ||    56
         Potion            |       |       |       |     2 |     5 |     2 ||     9
   Stab: Held in net/web   |       |       |       |     1 |       |     1 ||     2
         Distracted        |       |       |       |     1 |       |       ||     1
         Petrifying        |       |       |       |       |     3 |       ||     3
         Petrified         |       |       |       |       |     1 |       ||     1
 Armour: Scale mail        |    34 |    15 |    22 |       |       |       ||    71
         Plate armour      |       |       |    35 |   304 |   376 |       ||   715
         Crystal plate arm |       |       |       |       |    92 |   857 ||   949
  Dodge: Dodged            |    31 |    28 |    41 |   175 |   195 |   212 ||   682
  Block: Buckler           |    43 |    40 |    66 |   299 |   244 |       ||   692
         Reflection        |       |       |     2 |     6 |    29 |    92 ||   129
         Kite shield       |       |       |       |       |   367 |  1168 ||  1535

Table legend: (Time is in decaauts)
 A = Elapsed time spent in this place.
 B = Non-inter-level travel time spent in this place.
 C = Inter-level travel time spent in this place.
 D = Time resting spent in this place.
 E = Time spent auto-exploring this place.
 F = Levels seen in this place.
 G = Mean time per level.
                   A        B        C        D        E       F      G
               +--------+--------+--------+--------+--------+-----+--------+
         Total |  33743 |  31762 |   1981 |   4536 |  17229 |  37 |  912.0 |
       Dungeon |  11889 |  10807 |   1082 |    864 |   6834 |  15 |  792.6 |
        Temple |    251 |    168 |     83 |      0 |     20 |   1 |  251.0 |
          Lair |   5891 |   5507 |    384 |    103 |   3872 |   5 | 1178.2 |
        Shoals |   4314 |   4203 |    111 |    586 |   2197 |   4 | 1078.5 |
   Spider Nest |   5137 |   5015 |    122 |    502 |   3185 |   4 | 1284.2 |
  Orcish Mines |   2930 |   2732 |    198 |   1108 |    747 |   2 | 1465.0 |
        Vaults |    128 |    128 |      0 |      0 |      0 |   1 |  128.0 |
       Ossuary |    352 |    352 |      0 |    129 |      0 |   1 |  352.0 |
        Bailey |   1380 |   1380 |      0 |    556 |    274 |   1 | 1380.0 |
      Ice Cave |    831 |    831 |      0 |    399 |     60 |   1 |  831.0 |
       Volcano |    469 |    469 |      0 |    201 |     39 |   1 |  469.0 |
    Desolation |    166 |    166 |      0 |     88 |      0 |   1 |  166.0 |
               +--------+--------+--------+--------+--------+-----+--------+

Top non-repeatable levels by time:
  Lair:5: 1964 daAuts
Spider:4: 1944 daAuts
   Orc:2: 1935 daAuts
Shoals:4: 1619 daAuts
    D:12: 1513 daAuts
Spider:3: 1457 daAuts
Shoals:2: 1444 daAuts
  Bailey: 1380 daAuts
    D:10: 1298 daAuts
  Lair:3: 1123 daAuts
  Lair:2: 1115 daAuts
    D:13: 1062 daAuts
  Lair:4: 1055 daAuts
Spider:1: 1016 daAuts
   Orc:1: 995 daAuts
